 Dungeon Crawl Stone Soup version 0.30-a0-852-g08b95dd62f (webtiles) character file.

Game seed: 18237675871990632737

16520 BattleRest the Fighter (level 12, -3/175 HPs)
             Began as a Minotaur Berserker on Mar 5, 2023.
             Was a High Priest of Trog.
             Slain by a skeletal warrior
             ... wielding a +0 glaive
              (16 damage)
             ... on level 11 of the Dungeon.
             The game lasted 00:38:50 (10275 turns).

BattleRest the Fighter (Minotaur Berserker)        Turns: 10275, Time: 00:38:51

Health: -3/175     AC: 20    Str: 35    XL:     12   Next: 10%
Magic:  11/11      EV: 11    Int:  4    God:    Trog [*****.]
Gold:   330        SH:  0    Dex: 18    Spells: 11/11 levels left

rFire   . . .      SeeInvis .    R - +2 falchion of Loxzamopt {flame, Str+3 Dex+4 Stlth+}
rCold   . . .      Faith    .    (no shield)
rNeg    . . .      Spirit   .    n - +5 scale mail {rPois}
rPois   +          Reflect  .    j - +2 hat
rElec   .          Rampage  .    c - +0 cloak
rCorr   .                        (no gloves)
Will    ++...                    F - +0 pair of boots "Witeumm" {Dex+3 Stlth+} Stlth
                                 (no amulet)
HPRegen 1.49/turn                d - +4 ring of slaying
MPRegen 0.12/turn                S - +6 ring of strength

@: berserking (expiring), strong-willed, regenerating, very quick
A: horns 2, retaliatory headbutt
a: Renounce Religion, Berserk, Trog's Hand, Brothers in Arms


You were on level 11 of the Dungeon.
You worshipped Trog.
Trog was extremely pleased with you.
You visited 1 branch of the dungeon, and saw 11 of its levels.
You also visited: Sewer and Bailey.

You collected 596 gold pieces.
You spent 266 gold pieces at shops.

Inventory:

Hand Weapons
 f - the +8 hand axe of Upheaval {protect, Int+3}
   (You found it on level 3 of the Dungeon)

   Int:       It affects your intelligence (+3).
 R - the +2 falchion of Loxzamopt (weapon) {flame, Str+3 Dex+4 Stlth+}
   (You found it on level 10 of the Dungeon)

   Str:       It affects your strength (+3).
   Dex:       It affects your dexterity (+4).
   Stlth:     It makes you more stealthy.
Armour
 c - a +0 cloak (worn)
 j - a +2 hat (worn)
 n - a +5 scale mail of poison resistance (worn)
 F - the +0 pair of boots "Witeumm" (worn) {Dex+3 Stlth+}
   (You bought it in a shop on level 5 of the Dungeon)

   Dex:       It affects your dexterity (+3).
   Stlth:     It makes you more stealthy.
Jewellery
 d - a +4 ring of slaying (left hand)
 I - a ring of positive energy
 O - a ring of protection from cold
 S - a +6 ring of strength (right hand)
Scrolls
 m - 2 scrolls of poison
 o - 3 scrolls of teleportation
 q - 2 scrolls of fear
 t - a scroll of fog
 v - 6 scrolls of identify
 B - a scroll of enchant armour
 G - a scroll of enchant weapon
 N - 2 scrolls of magic mapping
Potions
 h - 2 potions of invisibility {unknown}
 i - 2 potions of haste
 l - 7 potions of curing
 r - 3 potions of might {unknown}
 s - 2 potions of heal wounds {unknown}
 x - 3 potions of attraction {unknown}
 z - a potion of resistance {unknown}
 D - a potion of lignification {unknown}
 H - a potion of magic {unknown}
 P - a potion of mutation {unknown}
 Q - a potion of berserk rage


   Skills:
 + Level 14.1 Fighting
 + Level 1.5 Long Blades
 - Level 13.0(13.4) Axes
 - Level 4.9(9.8) Maces & Flails
 + Level 13.8 Armour
 - Level 2.1 Dodging


You had 11 spell levels left.
You didn't know any spells.
Your spell library was empty.

Dungeon Overview and Level Annotations

Branches:
Dungeon (11/15)            Temple (0/1) D:7           Sewer (visited)
 Bailey (visited)
   Lair: D:8-11         Orc: D:9-12

Altars:
Ashenzari
Cheibriados
Hepliaklqana
Nemelex Xobeh
Qazlal
Ru
Uskayaw
Wu Jian
Xom
The Shining One

Shops:
D:5 [

Portals:
Ossuary: D:8

Annotations:
D:11 exclusion: oklob plant


Innate Abilities, Weirdness & Mutations

You have a pair of horns on your head.
You reflexively headbutt those who attack you in melee.


Message History

The skeletal warrior is moderately damaged.
The skeletal warrior hits you but does no damage.
The skeletal warrior closely misses you.
The skeletal warrior hits you with a +0 dire flail.
You hit the skeletal warrior. You burn the skeletal warrior.
You punch the skeletal warrior, but do no damage.
The skeletal warrior is heavily damaged.
The skeletal warrior completely misses you.
The skeletal warrior hits you from afar with a +0 glaive!
The skeletal warrior hits you with a +0 dire flail!
You hit the skeletal warrior but do no damage.
The skeletal warrior is heavily damaged.
The skeletal warrior barely misses you.
The skeletal warrior hits you from afar with a +0 glaive!!
* * * LOW HITPOINT WARNING * * *
The skeletal warrior hits you with a +0 dire flail!
* * * LOW HITPOINT WARNING * * *
As you read the scroll of fog, it crumbles to dust.
The scroll dissolves into smoke.
Your skin crawls.
You feel strong-willed.
The skeletal warrior hits you but does no damage.
A red film seems to cover your vision as you go berserk!
You feel yourself moving faster!
You feel mighty!
The skeletal warrior hits you from afar with a +0 glaive!
* * * LOW HITPOINT WARNING * * *
You feel a strong urge to attack something.
The skeletal warrior hits you with a +0 glaive!
* * * LOW HITPOINT WARNING * * *
You slash the skeletal warrior! You burn the skeletal warrior!
The skeletal warrior is almost destroyed.
The skeletal warrior hits you with a +0 glaive!
* * * LOW HITPOINT WARNING * * *
You closely miss the skeletal warrior.
The skeletal warrior is almost destroyed.
You hit the skeletal warrior. You burn the skeletal warrior.
Your headbutt misses the skeletal warrior.
The skeletal warrior is heavily damaged.
The skeletal warrior hits you with a +0 glaive!
You die...

#§# ##§# #§§# #§## ######
####.###### #+#### ###....#
#..z§.....# .....# ##......#
#.........# .....###..#....####
#.........# .....##..##.....@z##
#...).....#
.....'..###....##z.###.........#
..)..####
#....###............... .....#
#....# #####.........## .....#
#....# #.........# .....# ##.###
#.........# .....# #.#
###.####### #†#### .. #.. ..# .#
##.


You could see 2 skeletal warriors.

Vanquished Creatures
  A vault guard (Bailey)
  A rakshasa (D:9)
  Erica (D:9)
  A centaur warrior (D:9)
  2 two-headed ogres
  Amaemon (D:9)
  Joseph (D:9)
  An orange demon (D:9)
  3 kobold demonologists (D:10)
  Maggie (D:6)
  A gargoyle (D:11)
  4 trolls
  A hornet (D:9)
  Prince Ribbit (Bailey)
  Grinder (D:4)
  12 yaks
  A wraith (D:5)
  Grum (D:8)
  6 humans (Bailey)
  A steam dragon (D:7)
  3 vampire mosquitoes (D:11)
  2 water moccasins
  An acid dragon (D:10)
  Duvessa (D:6)
  3 ice beasts
  3 orc warriors
  3 wolves (D:8)
  4 centaurs
  14 bullfrogs
  4 kobold brigands
  4 scorpions
  5 wights (D:6)
  Dowan (D:6)
  6 killer bees (D:7)
  A vampire bat (D:9)
  5 howler monkeys
  A lava snake (D:7)
  2 jellies (D:6)
  Crazy Yiuf (D:2)
  2 gnoll boudas
  4 orc priests
  4 hounds
  3 iguanas
  2 sleepcaps (D:6)
  Ijyb (D:3)
  13 orc wizards
  16 adders
  15 gnolls
  2 white imps
  3 worms
  4 dart slugs
  31 orcs
  11 ball pythons
  9 bats
  10 endoplasms
  11 giant cockroaches
  15 goblins
  9 hobgoblins
  3 jackals (D:2)
  22 kobolds
  4 quokkas
  14 frilled lizards
  3 rats
317 creatures vanquished.

Vanquished Creatures (collateral kills)
  A vault guard (Bailey)
1 creature vanquished.

Vanquished Creatures (others)
  7 plants (D:2)
7 creatures vanquished.

Grand Total: 325 creatures vanquished

Notes
Turn   | Place    | Note
-------+----------+-------------------------------------------
     0 | D:1      | BattleRest the Minotaur Berserker began the quest for the
                  | Orb.
     0 | D:1      | Reached XP level 1. HP: 19/19 MP: 0/0
   196 | D:1      | Reached XP level 2. HP: 25/27 MP: 1/1
   284 | D:1      | Reached skill level 4 in Fighting
   750 | D:1      | Found a faded altar of an unknown god.
  1238 | D:2      | Reached XP level 3. HP: 27/33 MP: 2/2
  1355 | D:2      | Reached ** piety under Trog
  1574 | D:2      | Reached XP level 4. HP: 28/41 MP: 3/3
  1749 | D:2      | Found a runed translucent door.
  1750 | D:2      | Noticed Crazy Yiuf
  1756 | D:2      | Killed Crazy Yiuf
  2095 | D:3      | Reached XP level 5. HP: 46/47 MP: 4/4
  2104 | D:3      | Identified the +8 hand axe of Upheaval {protect, Int+3}
  2254 | D:3      | You fall into a shaft and drop 2 floors!
  2254 | D:5      | Entered Level 5 of the Dungeon
  2260 | D:4      | Found an ornate altar of the Wu Jian Council.
  2266 | D:4      | Reached skill level 5 in Fighting
  2328 | D:3      | Reached skill level 1 in Axes
  2466 | D:3      | Found a glowing drain.
  2479 | Sewer    | Entered a sewer
  2568 | Sewer    | Reached *** piety under Trog
  2633 | Sewer    | Reached XP level 6. HP: 51/56 MP: 5/5
  2715 | Sewer    | Reached skill level 5 in Armour
  2751 | Sewer    | Reached skill level 6 in Fighting
  2909 | D:3      | Noticed Ijyb
  2917 | D:3      | Killed Ijyb
  3448 | D:4      | Found a sparkling altar of Nemelex Xobeh.
  3514 | D:4      | Reached XP level 7. HP: 64/64 MP: 6/6
  3546 | D:4      | Noticed Grinder
  3547 | D:4      | Paralysed by Grinder for 5 turns
  3558 | D:4      | Killed Grinder
  4090 | D:4      | Reached skill level 7 in Fighting
  4327 | D:5      | Noticed a two-headed ogre
  4337 | D:5      | Killed a two-headed ogre
  4338 | D:5      | Reached skill level 8 in Fighting
  4338 | D:5      | Reached XP level 8. HP: 74/74 MP: 7/7
  4549 | D:5      | Found Omukie's Antique Armour Boutique.
  4861 | D:5      | Found a hazy altar of Hepliaklqana.
  4994 | D:5      | Reached **** piety under Trog
  4995 | D:5      | Reached XP level 9. HP: 82/82 MP: 8/8
  5190 | D:5      | Reached skill level 9 in Fighting
  5341 | D:6      | Noticed Duvessa
  5343 | D:6      | Noticed Dowan
  5350 | D:6      | Killed Duvessa
  5357 | D:6      | Killed Dowan
  5427 | D:6      | Found a glowing golden altar of the Shining One.
  5501 | D:6      | Noticed Maggie
  5511 | D:6      | Killed Maggie
  5880 | D:6      | Reached skill level 10 in Fighting
  6103 | D:6      | Found a snail-covered altar of Cheibriados.
  6103 | D:6      | Found a faded altar of an unknown god.
  6112 | D:6      | Found a shimmering altar of Xom.
  6114 | D:6      | Found a sacrificial altar of Ru.
  6116 | D:6      | Found a broken altar of Ashenzari.
  6435 | D:5      | Bought a pair of encrusted boots for 266 gold pieces
  6435 | D:5      | Identified the +0 pair of boots "Witeumm" {Dex+3 Stlth+}
                  | (You bought it in a shop on level 5 of the Dungeon)
  6539 | D:7      | Reached ***** piety under Trog
  6547 | D:7      | Found a flagged portal.
  6555 | D:7      | Reached skill level 10 in Armour
  6567 | Bailey   | Entered a bailey
  6619 | Bailey   | Reached XP level 10. HP: 83/94 MP: 9/9
  6766 | Bailey   | Reached skill level 11 in Fighting
  6812 | Bailey   | Noticed Prince Ribbit
  6812 | Bailey   | Noticed a vault guard
  6834 | Bailey   | Killed a vault guard
  6835 | Bailey   | Reached skill level 10 in Axes
  6839 | Bailey   | Killed Prince Ribbit
  6887 | Bailey   | Noticed a vault guard
  6896 | Bailey   | Killed a vault guard
  7062 | D:7      | Found a hide-covered altar of Uskayaw.
  7380 | D:7      | Found a staircase to the Ecumenical Temple.
  7535 | D:7      | Reached skill level 12 in Fighting
  7888 | D:8      | Reached XP level 11. HP: 100/104 MP: 10/10
  7928 | D:8      | Found a stormy altar of Qazlal.
  7972 | D:8      | Found a sand-covered staircase.
  7990 | D:8      | Noticed Grum
  8003 | D:8      | Killed Grum
  8251 | D:9      | Noticed Erica
  8257 | D:9      | Killed Erica
  8328 | D:9      | Noticed a rakshasa
  8355 | D:9      | Killed a rakshasa
  8647 | D:9      | Noticed Amaemon
  8655 | D:9      | Killed Amaemon
  8656 | D:9      | Reached skill level 13 in Fighting
  8684 | D:9      | Noticed Joseph
  8699 | D:9      | Killed Joseph
  8750 | D:9      | Noticed a two-headed ogre
  8761 | D:9      | Killed a two-headed ogre
  8761 | D:9      | Received a gift from Trog
  8886 | D:9      | Noticed a centaur warrior
  9055 | D:9      | Killed a centaur warrior
  9257 | D:10     | Entered Level 10 of the Dungeon
  9449 | D:10     | Noticed a soul eater
  9455 | D:10     | Noticed a sun demon
  9463 | D:10     | Reached XP level 12. HP: 97/116 MP: 11/11
  9473 | D:10     | Reached skill level 14 in Fighting
  9606 | D:10     | Identified the +2 falchion of Loxzamopt {flame, Str+3 Dex+4
                  | Stlth+}
 10065 | D:11     | Reached skill level 1 in Long Blades
 10252 | D:11     | HP: 4/117 [skeletal warrior/+0 dire flail (17)]
 10275 | D:11     | Slain by a skeletal warrior

Illustrated notes

Levels and vault maps discovered:
D:1:      saegor_arrival_miasma, layout_basic,
          nicolae_ecumenical_snake_handling, chequers_serial_rivers_large_a
D:2:      layout_basic, nicolae_grassy_gnolls, uniq_crazy_yiuf_cottage
D:3:      layout_basic, cheibrodos_sewer_entry_bend,
          hangedman_decor_diamond_cutter, uniq_ijyb
D:4:      layout_basic, nemelex_dance_club_becter,
          mainiacjoe_overflow_cross_hatched, minmay_ruptured, uniq_grinder
D:5:      minmay_general_purpose_star, layout_cave_pods,
          nzn_hepliaklqana_mist_gate, nicolae_inconvenience_store,
          grunt_decor_resistance, grunt_decor_mini_mirrors
D:6:      layout_loops_ring, tso_oasis_becter,
          chequers_temple_overflow_minitemple, nicolae_nh_ransacked_shop,
          uniq_duvessa, uniq_maggie
D:7:      layout_loops_ring, nicolae_uskayaw_suspiria, temple_statues,
          enter_bailey_5
D:8:      layout_rooms, grunt_qazlal_clouds, nicolae_ossuary_entry_plus,
          uniq_grum
D:9:      layout_loops_ring, roderic_batcave, minmay_mirror_moons_of_madness,
          uniq_amaemon, uniq_erica, uniq_prince_ribbit1, uniq_erolcha,
          uniq_joseph
D:10:     layout_rooms
D:11:     layout_roguey, dpeg_oklobed_lair

Skill      XL: |  1  2  3  4  5  6  7  8  9 10 11 12 |
---------------+-------------------------------------+-----
Fighting       | 4 5 6 8 10 12 13 14 | 14.1
Maces & Flails | 4 |  4.9
Armour         | 3 4 5 7 8 10 11 13 | 13.8
Axes           | 2 3 6 7 9 11 13 | 13.0
Long Blades    | 1 |  1.5
Dodging        | |  2.1

Action                     |  1- 3 |  4- 6 |  7- 9 | 10-12 || total
---------------------------+-------+-------+-------+-------++-------
  Melee: Mace              |    71 |    21 |       |       ||    92
         Headbutt          |    10 |    17 |    43 |    79 ||   149
         Hand axe          |       |   108 |   217 |   280 ||   605
         Punch             |       |       |     2 |     7 ||     9
         Falchion          |       |       |       |    31 ||    31
 Invoke: Berserk           |       |     1 |     3 |     6 ||    10
         Trog's Hand       |       |       |     1 |     2 ||     3
         Brothers in Arms  |       |       |       |     3 ||     3
    Use: Scroll            |       |     4 |     6 |     7 ||    17
   Stab: Sleeping          |     1 |       |       |     1 ||     2
 Armour: Animal skin       |    25 |    47 |       |       ||    72
         Scale mail        |       |    12 |    90 |   189 ||   291
  Dodge: Dodged            |    54 |    91 |    94 |   167 ||   406

Table legend: (Time is in decaauts)
 A = Elapsed time spent in this place.
 B = Non-inter-level travel time spent in this place.
 C = Inter-level travel time spent in this place.
 D = Time resting spent in this place.
 E = Time spent auto-exploring this place.
 F = Levels seen in this place.
 G = Mean time per level.
                   A        B        C        D        E       F      G
               +--------+--------+--------+--------+--------+-----+--------+
         Total |  10368 |   9942 |    426 |   1157 |   6245 |  13 |  797.5 |
       Dungeon |   9656 |   9230 |    426 |   1096 |   6125 |  11 |  877.8 |
         Sewer |    360 |    360 |      0 |      0 |     64 |   1 |  360.0 |
        Bailey |    351 |    351 |      0 |     61 |     56 |   1 |  351.0 |
               +--------+--------+--------+--------+--------+-----+--------+

Top non-repeatable levels by time:
     D:5: 1219 daAuts
     D:1: 1173 daAuts
     D:6: 1035 daAuts
     D:9: 1012 daAuts
     D:3: 1012 daAuts
     D:4: 1000 daAuts
     D:7: 890 daAuts
     D:2: 838 daAuts
    D:10: 654 daAuts
     D:8: 456 daAuts
    D:11: 361 daAuts
   Sewer: 360 daAuts
  Bailey: 351 daAuts
